 Dungeon Crawl Stone Soup version 0.28.0-53-g5a82cb258f (webtiles) character file.

Game seed: 10592952446304578801

2286 Infinimo the Basher (level 9, -11/79 HPs)
             Began as a Minotaur Fighter on May 30, 2022.
             Was a Priest of Okawaru.
             Mangled by an orc knight
             ... wielding a +0 war axe
              (23 damage)
             ... in a bailey.
             The game lasted 00:07:14 (5290 turns).

Infinimo the Basher (Minotaur Fighter)              Turns: 5290, Time: 00:07:15

Health: -11/79     AC: 16    Str: 26 (29) XL:     9   Next: 17%
Magic:  8/8        EV:  9    Int:  4 (5)  God:    Okawaru [***...]
Gold:   1015       SH: 10    Dex:  7 (9)  Spells: 8/8 levels left

rFire   . . .      SeeInvis .   E - +2 whip (elec)
rCold   . . .      Faith    .   c - +0 buckler
rNeg    . . .      Spirit   .   b - +0 scale mail
rPois   +          Reflect  +   (helmet restricted)
rElec   +          Harm     .   y - +2 cloak
rCorr   .          Rampage  .   (no gloves)
Will    .....                   n - +0 pair of boots
Stlth   ..........              f - amulet of Surprise {Reflect rElec Str+3 SH+5}
HPRegen 0.23/turn               e - ring of poison resistance
MPRegen 0.11/turn               h - +4 ring of protection

@: mighty, about to teleport, marked, very slow
A: horns 2, retaliatory headbutt
a: Renounce Religion, Heroism


You were in a bailey.
You worshipped Okawaru.
Okawaru was most pleased with you.
You visited 1 branch of the dungeon, and saw 7 of its levels.
You also visited: Bailey.

You collected 1015 gold pieces.

Inventory:

Hand Weapons
 a - a +0 flail
 l - the +3 mace of the Well-Known Wishes {vorpal, rElec rPois rN+}
   (You found it on level 3 of the Dungeon)

   It inflicts extra damage upon your enemies.
   rElec:     It insulates you from electricity.
   rPois:     It protects you from poison.
   rN:        It protects you from negative energy.
 E - a +2 whip of electrocution (weapon)
Missiles
 o - 6 silver javelins (quivered)
Armour
 b - a +0 scale mail (worn)
 c - a +0 buckler (worn)
 k - a +1 hat
 n - a +0 pair of boots (worn)
 y - a +2 cloak (worn)
Jewellery
 e - a ring of poison resistance (left hand)
 f - the amulet of Surprise (around neck) {Reflect rElec Str+3 SH+5}
   (You acquired it on level 3 of the Dungeon)

   [amulet of reflection]

   It reflects blocked missile attacks.
   Str:       It affects your strength (+3).
   rElec:     It insulates you from electricity.
   SH:        It affects your SH (+5).
 h - a +4 ring of protection (right hand)
Wands
 r - a wand of flame (29)
Scrolls
 x - 2 scrolls of teleportation
 B - a scroll of identify
 C - a scroll of silence
Potions
 d - a potion of might
 g - 2 potions of ambrosia
 i - a potion of haste {unknown}
 j - a potion of curing {unknown}
 m - 2 potions of resistance {unknown}
 q - 2 potions of brilliance {unknown}
 s - 3 potions of flight
 u - 4 potions of heal wounds {unknown}
 v - a potion of berserk rage {unknown}


   Skills:
 + Level 7.5 Fighting
 * Level 9.6 Maces & Flails
 + Level 7.5 Armour
 + Level 7.5 Shields


You had 8 spell levels left.
You didn't know any spells.
Your spell library contained the following spells:

 Spells                   Type           Power      Damage    Failure   Level
 Beastly Appendage        Tmut           0%         N/A       83%         1
 Passwall                 Tmut/Erth      0%         N/A       92%         2
 Searing Ray              Conj           0%         2d4       92%         2
 Wereblood                Tmut           0%         N/A       92%         2
 Frozen Ramparts          Ice            0%         1d2       99%         3
 Inner Flame              Hex/Fire       0%         N/A       99%         3
 Spider Form              Tmut/Pois      0%         N/A       99%         3
 Anguish                  Hex/Necr       0%         N/A       100%        4
 Cause Fear               Hex            0%         N/A       100%        4
 Ice Form                 Ice/Tmut       0%         N/A       100%        4
 Alistair's Intoxication  Tmut/Pois      0%         N/A       100%        5
 Fireball                 Conj/Fire      0%         3d3       100%        5
 Enfeeble                 Hex            0%         N/A       100%        7
 Discord                  Hex            0%         N/A       100%        8
 Tukima's Dance           Hex            Unusable   N/A       N/A         3
 Summon Ice Beast         Ice/Summ       Unusable   N/A       N/A         4

Dungeon Overview and Level Annotations

Branches:
Dungeon (7/15)             Temple (0/1) D:4          Bailey (1/1)

Altars:
Okawaru
Qazlal
Uskayaw
Yredelemnul
Zin


Innate Abilities, Weirdness & Mutations

You have a pair of horns on your head.
You reflexively headbutt those who attack you in melee.


Message History

The alarm trap emits a blaring wail!
A sentinel's mark forms upon you.
The orc knight shouts!
You hear a shout! x2
There is an open door here.
There is an open door, spattered with blood here.
Things that are here:
a +0 hand axe; a +0 leather armour; 267 gold pieces The orc knight hits you with a +0 war axe!
Keep equipping yourself?
You stop putting on your armour.
You hit the orc knight but do no damage.
You miss the orc knight. Your headbutt misses the orc knight.
The orc knight roars a battlecry!
The orc knight goes into a battle-frenzy!
It was a potion of degeneration.
There was something very wrong with that liquid.
You feel weakened.
You feel dopey.
You feel clumsy.
The orc knight roars a battlecry!
The orc warrior goes into a battle-frenzy!
Unknown command.
You feel very mighty all of a sudden. You block the orc knight's attack.
You whack the orc knight! Your headbutt misses the orc knight.
The orc knight is lightly wounded.
The orc knight no longer looks unusually strong.
The orc knight roars a battlecry!
The orc knight goes into a battle-frenzy!
You block the orc warrior's attack.
As you read the scroll of teleportation, it crumbles to dust.
You feel strangely unstable.
The orc knight hits you with a +0 war axe!!
The orc warrior closely misses you.
The orc knight hits you with a +0 war axe!!
* * * LOW HITPOINT WARNING * * *
You enter the shallow water.
Moving in this stuff is going to be slow.
The orc warrior hits you with a +0 war axe!
* * * LOW HITPOINT WARNING * * *
The orc knight hits you with a +0 war axe!!
You die...

####.......).)(.....(.
##........K.)#########.
##.........#)## ##
#.....⌠....#..#
##......K###o.#
###.....#.'.)##
####.....o###..g..g..
≈≈≈≈≈≈.goo(.#..####'####
#≈≈≈≈≈≈≈@≈)(####..Kgg..#
###....≈≈≈≈≈≈≈∩#ogoKo..#K
##......≈≈≈≈≈#########≈
##.......≈≈≈≈≈≈≈≈≈≈≈≈≈
###........≈≈≈≈≈≈≈≈.#
####.............#
####......∩..##
###.......## ####.....##


You could see 2 orc knights, an orc warrior (strong), a gnoll and a kobold.

Vanquished Creatures
  Grinder (D:4)
  A shadow (D:6)
  Sigmund (D:4)
  Eustachio (D:4)
  5 orc warriors
  An ice beast (D:6)
  An ogre (D:6)
  A centaur (D:5)
  2 phantoms
  2 scorpions
  A water moccasin skeleton (D:4)
  A bullfrog zombie (D:5)
  A centaur zombie (D:6)
  A hound (D:6)
  2 orc priests (D:6)
  A jelly (D:5)
  Crazy Yiuf (D:3)
  A centaur skeleton (D:5)
  3 iguanas
  Ijyb (D:3)
  An orc wizard (D:6)
  A killer bee zombie (D:5)
  2 hound skeletons
  3 gnolls (Bailey)
  5 adders
  A white imp (D:5)
  A worm (D:3)
  7 dart slugs
  7 orcs
  5 bats
  5 endoplasms
  A giant cockroach (D:3)
  11 goblins
  10 hobgoblins
  2 jackals (D:4)
  11 kobolds
  3 quokkas
  8 ball pythons
  2 frilled lizards
  2 rats (D:2)
117 creatures vanquished.

Notes
Turn   | Place    | Note
-------+----------+-------------------------------------------
     0 | D:1      | Infinimo the Minotaur Fighter began the quest for the Orb.
     0 | D:1      | Reached XP level 1. HP: 19/19 MP: 0/0
   121 | D:1      | Reached XP level 2. HP: 27/27 MP: 1/1
   293 | D:1      | Found a faded altar of an unknown god.
   486 | D:2      | Reached skill level 3 in Maces & Flails
   830 | D:2      | Reached XP level 3. HP: 27/33 MP: 2/2
  1359 | D:3      | Found an iron altar of Okawaru.
  1374 | D:3      | Became a worshipper of Warmaster Okawaru
  1563 | D:3      | Reached XP level 4. HP: 40/40 MP: 3/3
  1586 | D:3      | Identified a scroll of acquirement
  1586 | D:3      | Acquired the amulet of Surprise {Reflect rElec Str+3 SH+5}
  1647 | D:3      | Noticed Ijyb
  1875 | D:3      | Killed Ijyb
  1876 | D:3      | Reached skill level 4 in Maces & Flails
  2003 | D:3      | Identified the +3 mace of the Well-Known Wishes {vorpal,
                  | rElec rPois rN+}
  2011 | D:3      | Found a runed translucent door.
  2012 | D:3      | Noticed Crazy Yiuf
  2128 | D:3      | Found a basalt altar of Yredelemnul.
  2162 | D:3      | Found a hide-covered altar of Uskayaw.
  2245 | D:3      | Killed Crazy Yiuf
  2402 | D:4      | Reached XP level 5. HP: 47/47 MP: 4/4
  2489 | D:4      | Noticed Grinder
  2498 | D:4      | Paralysed by Grinder for 3 turns
  2501 | D:4      | Killed Grinder
  2502 | D:4      | Reached skill level 5 in Fighting
  2502 | D:4      | Reached skill level 5 in Maces & Flails
  2502 | D:4      | Reached skill level 5 in Armour
  2502 | D:4      | Reached skill level 5 in Shields
  2502 | D:4      | Reached XP level 6. HP: 45/56 MP: 5/5
  2552 | D:4      | Noticed Eustachio
  2561 | D:4      | Killed Eustachio
  2561 | D:4      | Reached * piety under Okawaru
  2562 | D:4      | Reached skill level 6 in Maces & Flails
  2562 | D:4      | Reached XP level 7. HP: 58/61 MP: 6/6
  2658 | D:4      | Got the Grimoire of Combat Magic and Transmigration
  2736 | D:4      | Found a staircase to the Ecumenical Temple.
  2900 | D:4      | Noticed Sigmund
  2908 | D:4      | Killed Sigmund
  2944 | D:4      | Reached skill level 7 in Maces & Flails
  2985 | D:5      | Entered Level 5 of the Dungeon
  3010 | D:5      | Reached ** piety under Okawaru
  3011 | D:5      | Reached XP level 8. HP: 37/70 MP: 7/7
  3258 | D:5      | Found a glowing silver altar of Zin.
  3259 | D:5      | Found a stormy altar of Qazlal.
  3864 | D:6      | Reached skill level 8 in Maces & Flails
  4529 | D:6      | Reached skill level 9 in Maces & Flails
  4938 | D:7      | Found a flagged portal.
  4953 | Bailey   | Entered a bailey
  4961 | Bailey   | Noticed an orc knight
  4994 | Bailey   | Reached XP level 9. HP: 73/79 MP: 8/8
  5029 | Bailey   | Noticed an orc knight
  5127 | Bailey   | Reached *** piety under Okawaru
  5290 | Bailey   | Mangled by an orc knight

Illustrated notes

Levels and vault maps discovered:
D:1:      dpeg_arrival_stone_temple_mockup, layout_basic,
          ebering_ecumenical_altar_sacrificial, kennysheep_minor_cross
D:2:      layout_loops_cross, st_stairs_12
D:3:      layout_basic, mainiacjoe_overflow_alcove_4, nicolae_uskayaw_suspiria,
          mainiacjoe_overflow_brackets, minmay_misc_feat_alley,
          minmay_distorted, uniq_ijyb, uniq_crazy_yiuf_cottage
D:4:      layout_rooms, minmay_temple_entry_offerings, minmay_misc_feat_five,
          uniq_sigmund, uniq_eustachio, uniq_grinder
D:5:      layout_basic, grunt_temple_overflow_open, grunt_ministairs_13,
          kennysheep_generic_room_11
D:6:      layout_gridville, minmay_misc_feat_secret_circle
D:7:      wad_pebble_path, layout_basic, enter_bailey_3, uniq_duvessa
Bailey:   bailey_axe_4, bailey

Skill      XL: |  1  2  3  4  5  6  7  8 |
---------------+-------------------------+-----
Maces & Flails | 3 4 5 6 7 9 |  9.6
Armour         | 4 5 6 7 |  7.5
Shields        | 4 5 6 7 |  7.5
Fighting       | 4 5 6 7 |  7.5

Action                   |  1- 3 |  4- 6 |  7- 9 || total
-------------------------+-------+-------+-------++-------
Melee: Flail             |    82 |    19 |       ||   101
       Headbutt          |    15 |     9 |    29 ||    53
       Unarmed           |       |    10 |       ||    10
       Mace              |       |    30 |   101 ||   131
       Whip              |       |       |    87 ||    87
  Use: Scroll            |       |     6 |     8 ||    14
       Potion            |       |       |     2 ||     2
Armor: Scale mail        |    42 |    21 |    62 ||   125
       Skin              |       |     1 |       ||     1
Dodge: Dodged            |    26 |    27 |    67 ||   120
Block: Buckler           |    20 |    24 |    95 ||   139
       Other             |       |     1 |       ||     1
       Reflection        |       |       |    30 ||    30
